 Dungeon Crawl Stone Soup version 0.23.0 (webtiles) character file.

Game seed: 10904174701826907307

72 Oravi the Chopper (level 4, -2/41 HPs)
             Began as a Hill Orc Fighter on Feb 13, 2019.
             Slain by a gnoll
             ... wielding a +2 halberd of freezing
              (3 damage)
             ... on level 3 of the Dungeon.
             The game lasted 00:05:29 (1828 turns).

Oravi the Chopper (Hill Orc Fighter)                Turns: 1828, Time: 00:05:30

Health: -2/41      AC:  9    Str: 19    XL:     4   Next: 26%
Magic:  4/4        EV:  0    Int:  8    God:
Gold:   117        SH:  9    Dex: 10    Spells: 3/3 levels left

rFire    . . .     SeeInvis .   b - +0 hunting sling
rCold    . . .     Gourm    .   c - +0 shield
rNeg     . . .     Faith    .   l - +0 chain mail
rPois    .         Spirit   .   (no helmet)
rElec    .         Reflect  .   (no cloak)
rCorr    .         Harm     .   (no gloves)
MR       .....                  (no boots)
Stlth    ..........             (no amulet)
HPRegen  0.13/turn              g - ring of stealth
MPRegen  0.09/turn              k - -5 ring of evasion (curse)

@: no status effects
A: no striking features
a: no special abilities


You were on level 3 of the Dungeon.
You were not hungry.

You visited 1 branch of the dungeon, and saw 3 of its levels.

You collected 117 gold pieces.

Inventory:

Hand Weapons
 a - a +0 war axe
 b - a +0 hunting sling (weapon)
Missiles
 e - 9 stones (quivered)
Armour
 c - a +0 shield (worn)
 l - a +0 chain mail (worn)
 m - a +0 scale mail
Jewellery
 g - a ring of stealth (left hand)
 k - a cursed -5 ring of evasion (right hand)
Scrolls
 j - a scroll of teleportation
Potions
 d - a potion of might
 i - a potion of magic
 o - 2 potions of curing {unknown}
Comestibles
 f - 4 rations


   Skills:
 + Level 4.3 Fighting
 * Level 4.5 Axes
 - Level 3.2 Armour
 + Level 3.9 Shields


You had 3 spell levels left.
You didn't know any spells.
Your spell library was empty.

Dungeon Overview and Level Annotations

Branches:
Dungeon (3/15)

Altars:
Ashenzari
Trog
Xom


Message History

A rat comes into view.
You block the gnoll's attack.
The gnoll throws a throwing net.
The throwing net hits you.
You become entangled in the net!
You tear a large gash into the net.
You struggle against the net.
The gnoll hits you from afar with a +2 halberd of freezing.
* * * LOW HITPOINT WARNING * * *
The gnoll freezes you.
* * * LOW HITPOINT WARNING * * *
You shred the net and break free!
The gnoll hits you from afar with a +2 halberd of freezing.
* * * LOW HITPOINT WARNING * * *
The gnoll freezes you.
* * * LOW HITPOINT WARNING * * *
The gnoll hits you but does no damage. You block the gnoll's attack.
The gnoll hits you but does no damage.
The gnoll hits you from afar with a +2 halberd of freezing!
* * * LOW HITPOINT WARNING * * *
The gnoll freezes you.
You die...

#.....
..... .
.... .$
... ..(
.% ....
.#.(...
##gg.....
#@g.(.>..
#........
#..#.....
#..# ....
.... ...
####. ..
. . #


You could see 3 gnolls.

Vanquished Creatures
  Jessica (D:2)
  3 dart slugs (D:1)
  A leopard gecko (D:1)
  2 bats (D:2)
  2 giant cockroaches
  9 goblins
  3 hobgoblins (D:1)
  9 kobolds
  2 frilled lizards (D:1)
  5 rats
  2 toadstools (D:1)
39 creatures vanquished.

Vanquished Creatures (others)
  2 toadstools (D:1)
2 creatures vanquished.

Grand Total: 41 creatures vanquished

Notes
Turn   | Place    | Note
-------+----------+-------------------------------------------
     0 | D:1      | Oravi the Hill Orc Fighter began the quest for the Orb.
     0 | D:1      | Reached XP level 1. HP: 19/19 MP: 1/1
   174 | D:1      | Reached XP level 2. HP: 27/27 MP: 2/2
   570 | D:1      | Reached XP level 3. HP: 28/33 MP: 3/3
  1415 | D:2      | Noticed Jessica
  1423 | D:2      | Killed Jessica
  1423 | D:2      | Reached XP level 4. HP: 40/40 MP: 4/4
  1540 | D:2      | Found a shattered altar of Ashenzari.
  1691 | D:2      | Found a shimmering altar of Xom.
  1691 | D:2      | Found a bloodstained altar of Trog.
  1828 | D:3      | HP: 1/41 [gnoll/+2 halberd of freezing (10)]
  1828 | D:3      | Slain by a gnoll

Skill      XL: |  1  2  3 |
---------------+----------+-----
Axes           | 3 4 |  4.5
Fighting       | 4 |  4.3
Armour         | |  3.2
Shields        | |  3.9

Action                   |  1- 3 |  4- 6 || total
-------------------------+-------+-------++-------
Melee: War axe           |    85 |     4 ||    89
 Fire: Hunting sling     |     6 |    15 ||    21
  Use: Scroll            |     4 |     1 ||     5
  Eat: Chunk             |     2 |     1 ||     3
Armor: Scale mail        |    29 |       ||    29
       Chain mail        |    10 |    10 ||    20
Dodge: Dodged            |    11 |     1 ||    12
Block: Shield            |    36 |     6 ||    42
